 Dungeon Crawl Stone Soup version 0.31-a0-366-ga77b45bd9b (webtiles) character file.

Game seed: 13087006680074872564

18505 Locuples the Severer (level 12, -1/107 HPs)
             Began as a Minotaur Monk on July 28, 2023.
             Was an Elder of Dithmenos.
             Killed by vampiric draining
             ... invoked by a vampire
              (20 damage)
             ... on level 13 of the Dungeon.
             The game lasted 00:25:08 (12926 turns).

Locuples the Severer (Minotaur Monk)               Turns: 12926, Time: 00:25:08

Health: -1/107     AC: 23    Str: 21    XL:     12   Next: 28%
Magic:  11/11      EV:  9    Int:  7    God:    Dithmenos [****..]
Gold:   497        SH:  0    Dex: 13    Spells: 11/11 levels left

rFire   . . .        L - +1 war axe (heavy)
rCold   . . .        (no shield)
rNeg    . . .        v - +0 plate armour
rPois   +            (helmet unavailable)
rElec   .            D - +0 cloak
rCorr   .            o - +2 pair of gloves
SInv    .            (no boots)
Will    .....        (no amulet) Stlth
                     (no ring)
HPRegen 1.17/turn    (no ring)
MPRegen 0.12/turn

%: no passive effects
@: wreathed by umbra
A: horns 3, retaliatory headbutt, iridescent scales 1, poison resistance,
regeneration 1
a: Renounce Religion, Shadow Step


You were on level 13 of the Dungeon.
You worshipped Dithmenos.
Dithmenos was greatly pleased with you.
You visited 2 branches of the dungeon, and saw 14 of its levels.
You also visited: Ossuary.

You collected 679 gold pieces.
You spent 182 gold pieces at shops.

Inventory:

Hand Weapons
 L - a +1 heavy war axe (weapon)
Missiles
 J - a throwing net
Armour
 o - a +2 pair of gloves (worn)
 v - a +0 plate armour (worn)
 D - a +0 cloak (worn)
Jewellery
 b - a ring of fire
 d - an amulet of regeneration
 z - a ring of wizardry
 A - an amulet of the acrobat
 H - a +6 ring of dexterity
Wands
 p - a wand of polymorph (6)
 C - a wand of paralysis (18)
 G - a wand of mindburst (43)
 P - a wand of flame (10)
Scrolls
 c - a scroll of amnesia {unknown}
 e - 6 scrolls of identify {unknown}
 f - 4 scrolls of blinking {unknown}
 h - 10 scrolls of teleportation {unknown}
 i - 2 scrolls of acquirement {unknown}
 l - a scroll of noise {unknown}
 n - 3 scrolls of vulnerability {unknown}
 q - a scroll of butterflies {unknown}
 s - 5 scrolls of enchant weapon {unknown}
 t - a scroll of fear {unknown}
 u - 4 scrolls of fog {unknown}
 x - 3 scrolls of poison {unknown}
 y - a scroll of revelation {unknown}
 I - a scroll of brand weapon {unknown}
 M - a scroll of immolation {unknown}
 N - a scroll of torment {unknown}
Potions
 a - a potion of magic {unknown}
 j - 4 potions of curing {unknown}
 k - a potion of brilliance
 m - 3 potions of attraction {unknown}
 w - 3 potions of lignification
 B - a potion of degeneration {unknown}
 E - a potion of cancellation {unknown}
 F - 4 potions of haste {unknown}
 K - 3 potions of invisibility {unknown}
 O - a potion of enlightenment {unknown}


   Skills:
 + Level 10.4 Fighting
 + Level 16.4 Axes
 * Level 13.9 Armour
 + Level 6.2 Dodging
 - Level 0.3 Invocations


You had 11 spell levels left.
You didn't know any spells.
Your spell library contained the following spells:

 Spells                   Type           Power      Damage    Failure   Level
 Magic Dart               Conj           0%         1d3       99%         1
 Necrotise                Necr           0%         1d4       99%         1
 Shock                    Conj/Air       0%         1d3       99%         1
 Call Imp                 Summ           0%         N/A       100%        2
 Mephitic Cloud           Conj/Pois/Air  0%         N/A       100%        3
 Swiftness                Air            0%         N/A       100%        3
 Vampiric Draining        Necr           0%         2d6       100%        3
 Airstrike                Air            0%         2d(0-16)  100%        4
 Passage of Golubria      Tloc           0%         N/A       100%        4
 Agony                    Necr           0%         N/A       100%        5
 Silence                  Hex/Air        0%         N/A       100%        5
 Lehudib's Crystal Spear  Conj/Erth      0%         10d2      100%        8


Dungeon Overview and Level Annotations

Branches:
Dungeon (13/15)            Temple (1/1) D:6            Lair (0/5) D:9
    Orc (0/2) D:11        Ossuary (visited)
 Vaults: D:13-14

Altars:
Ashenzari
Cheibriados
Dithmenos
Elyvilon
Fedhas
Gozag
Hepliaklqana
Kikubaaqudgha
Makhleb
Nemelex Xobeh
Okawaru
Qazlal
Ru
Sif Muna
Trog
Uskayaw
Vehumet
Wu Jian
Xom
Yredelemnul
Zin
The Shining One

Shops:
D:4 (   D:5 =   D:12 [(

Annotations:
D:12 3 runed translucent doors, Kiciri's ghost, journeyman GrHu


Innate Abilities, Weirdness & Mutations

You have a pair of large horns on your head.
You reflexively headbutt those who attack you in melee.
You are partially covered in iridescent scales. (AC +2)
Your system is resistant to poisons. (rPois)
Your natural rate of healing is unusually fast.


Message History

You're too confused to move!
The vampire hits you but does no damage.
The vampire closely misses you.
The skeletal warrior hits you with a +0 dire flail!
The skeletal warrior attacks as you move away!
The skeletal warrior hits you with a +0 dire flail!!
The efreet gestures at you. The bolt of fire hits you.
The vampire barely misses you. The vampire bites you.
The vampire draws strength from your injuries!
The efreet closely misses you.
The skeletal warrior hits you but does no damage.
You feel much better. The efreet gestures at you. The bolt of fire hits you!!
The vampire hits you but does no damage.
The vampire barely misses you.
The skeletal warrior hits you with a +0 dire flail!
The efreet attacks as you move away! The efreet hits you but does no damage.
You feel less confused. The vampire misses you.
The vampire bites you but does no damage.
You hit the efreet but do no damage.
You headbutt the efreet, but do no damage.
You barely miss the vampire. You barely miss the skeletal warrior.
The efreet hits you with a +3 scimitar of flaming.
The efreet burns you. The vampire barely misses you. You furiously retaliate!
You headbutt the vampire!
The vampire bites you but does no damage.
The skeletal warrior hits you with a +0 dire flail!!
* * * LOW HITPOINT WARNING * * *
You hit the efreet.
The efreet is lightly wounded.
You hit the vampire. You hit the skeletal warrior.
The efreet hits you with a +3 scimitar of flaming.
* * * LOW HITPOINT WARNING * * *
The efreet burns you.
* * * LOW HITPOINT WARNING * * *
The vampire draws life force from you!!
You die...

### # ######.### ## .###
.##........###.# #..
..............### #.# #
................#####.# #
........@.............###
.......RVz.....<..÷......
..)...°...........)......
.........................
.............###########.
.......<.....# #.
.............# #.
..[..........# #.
.............# #.


You could see a skeletal warrior, an efreet and a vampire.

Vanquished Creatures
  Erolcha (D:11)
  2 centaur warriors (D:13)
  3 two-headed ogres
  3 skeletal warriors (D:12)
  A wolf spider (D:12)
  A cyclops (D:11)
  An ugly thing (D:11)
  A manticore (D:11)
  3 gargoyles
  A komodo dragon (D:10)
  A kobold demonologist (D:11)
  7 trolls
  3 slime creatures (D:12)
  Sigmund (D:2)
  4 water elementals (D:12)
  2 shadows
  2 wyverns
  16 yaks (D:10)
  A wraith (D:12)
  3 steam dragons
  Menkaure (Ossuary)
  2 acid dragons
  A water moccasin (D:7)
  An ice beast (D:7)
  A black bear (D:6)
  3 orc warriors
  3 ogres
  6 centaurs
  A phantom (D:7)
  A kobold brigand (D:8)
  2 bullfrogs (D:8)
  A gnoll sergeant (D:9)
  3 scorpions
  A wight (D:10)
  9 killer bees (D:8)
  9 howler monkeys
  An electric eel (D:12)
  A lava snake (D:10)
  2 gnoll boudas
  6 hounds
  6 orc priests
  2 jellies
  Jessica (D:3)
  3 sleepcaps
  11 orc wizards
  6 iguanas
  3 mummies (Ossuary)
  12 gnolls
  5 adders
  A shadow imp (D:6)
  2 ufetubi
  4 dart slugs
  33 orcs
  9 endoplasms
  3 giant cockroaches
  6 goblins
  4 hobgoblins
  13 kobolds
  7 quokkas
  8 ball pythons
  A bat (D:1)
  2 gnoll skeletons (Ossuary)
  4 gnoll zombies (Ossuary)
  4 goblin skeletons (Ossuary)
  4 goblin zombies
  5 hobgoblin skeletons (Ossuary)
  6 hobgoblin zombies (Ossuary)
  4 kobold skeletons (Ossuary)
  4 kobold zombies (Ossuary)
  3 orc skeletons (Ossuary)
  2 orc zombies (Ossuary)
  A quokka zombie (D:4)
  3 rats
  7 rat skeletons (Ossuary)
  6 rat zombies (Ossuary)
307 creatures vanquished.

Notes
Turn   | Place    | Note
-------+----------+-------------------------------------------
     0 | D:1      | Locuples the Minotaur Monk began the quest for the Orb.
     0 | D:1      | Reached XP level 1. HP: 19/19 MP: 0/0
   167 | D:1      | Reached skill level 4 in Axes
   214 | D:1      | Reached XP level 2. HP: 27/27 MP: 1/1
   845 | D:2      | Reached XP level 3. HP: 27/33 MP: 2/2
  1201 | D:2      | Noticed Sigmund
  1215 | D:2      | Killed Sigmund
  1216 | D:2      | Reached skill level 6 in Axes
  1216 | D:2      | Reached XP level 4. HP: 27/41 MP: 3/3
  1216 | D:2      | Reached XP level 5. HP: 31/47 MP: 4/4
  1909 | D:3      | Reached skill level 7 in Axes
  1944 | D:3      | Noticed Jessica
  1947 | D:3      | Killed Jessica
  2082 | D:3      | Reached XP level 6. HP: 36/53 MP: 5/5
  2362 | D:3      | Found a snail-covered altar of Cheibriados.
  2365 | D:3      | Found a radiant altar of Vehumet.
  2368 | D:3      | Found a shimmering altar of Xom.
  2371 | D:3      | Found a glowing golden altar of the Shining One.
  2720 | D:4      | Found Dyunev's Antique Weapon Shop.
  2727 | D:4      | Reached skill level 8 in Axes
  2864 | D:4      | Found a sand-covered staircase.
  2871 | Ossuary  | Entered an ossuary
  2949 | Ossuary  | Reached skill level 1 in Armour
  3113 | Ossuary  | Noticed Menkaure
  3117 | Ossuary  | Killed Menkaure
  3118 | Ossuary  | Reached XP level 7. HP: 59/60 MP: 6/6
  3126 | Ossuary  | Reached skill level 9 in Axes
  3382 | D:4      | Found a blossoming altar of Fedhas.
  3837 | D:5      | Entered Level 5 of the Dungeon
  3854 | D:5      | Found Tyfousus's Jewellery Boutique.
  4156 | D:5      | Reached skill level 10 in Axes
  4265 | D:5      | Noticed a steam dragon
  4272 | D:5      | Killed a steam dragon
  4273 | D:5      | Reached skill level 5 in Fighting
  4316 | D:5      | Reached XP level 8. HP: 32/68 MP: 7/7
  5095 | D:6      | Reached skill level 11 in Axes
  5490 | D:6      | Reached skill level 12 in Axes
  5668 | D:6      | Found a staircase to the Ecumenical Temple.
  5788 | Temple   | Entered the Ecumenical Temple
  5806 | Temple   | Became a worshipper of Dithmenos the Shadowed
  5806 | Temple   | Reached * piety under Dithmenos
  5806 | Temple   | Reached ** piety under Dithmenos
  6114 | D:7      | Reached XP level 9. HP: 17/77 MP: 8/8
  6657 | D:7      | Reached skill level 5 in Armour
  6725 | D:7      | Found an opulent altar of Gozag.
  7442 | D:8      | Gained mutation: Your flesh is cold resistant. (rC+)
                  | [potion of mutation]
  7442 | D:8      | Gained mutation: You occasionally shout uncontrollably at
                  | your foes. [potion of mutation]
  7467 | D:8      | Lost mutation: You occasionally shout uncontrollably at
                  | your foes. [potion of mutation]
  7467 | D:8      | Lost mutation: Your flesh is cold resistant. (rC+) [potion
                  | of mutation]
  7467 | D:8      | Gained mutation: Your system is resistant to poisons.
                  | (rPois) [potion of mutation]
  7467 | D:8      | Gained mutation: You have hidden genetic potential. [potion
                  | of mutation]
  7467 | D:8      | Gained mutation: You have a pair of large horns on your
                  | head. [potion of mutation]
  7739 | D:8      | Found an ornate altar of the Wu Jian Council.
  7791 | D:8      | Reached skill level 13 in Axes
  7865 | D:8      | Reached *** piety under Dithmenos
  8261 | D:8      | Reached skill level 5 in Dodging
  8342 | D:8      | Found a broken altar of Ashenzari.
  8356 | D:8      | Found a burning altar of Makhleb.
  8590 | D:9      | Found a staircase to the Lair.
  9098 | D:9      | Noticed a troll
  9101 | D:9      | Reached XP level 10. HP: 69/86 MP: 4/9
  9239 | D:9      | Noticed a two-headed ogre
  9249 | D:9      | Killed a two-headed ogre
  9941 | D:10     | Entered Level 10 of the Dungeon
  9971 | D:10     | Reached skill level 14 in Axes
 10183 | D:10     | Reached skill level 10 in Armour
 10631 | D:10     | Reached XP level 11. HP: 70/95 MP: 10/10
 11007 | D:10     | Identified the +1 ring mail of the Storm King {rPois Str+6}
 11231 | D:11     | Noticed a soul eater
 11240 | D:11     | Reached skill level 15 in Axes
 11253 | D:11     | Lost mutation: You have hidden genetic potential. [potion
                  | of mutation]
 11253 | D:11     | Lost mutation: You have a pair of large horns on your head.
                  | [potion of mutation]
 11253 | D:11     | Gained mutation: You have a pair of large horns on your
                  | head. [potion of mutation]
 11253 | D:11     | Gained mutation: You are partially covered in iridescent
                  | scales. (AC +2) [potion of mutation]
 11253 | D:11     | Gained mutation: Your natural rate of healing is unusually
                  | fast. [potion of mutation]
 11320 | D:11     | Noticed a green ugly thing
 11321 | D:11     | Noticed Erolcha
 11334 | D:11     | Killed a green ugly thing
 11338 | D:11     | Killed Erolcha
 11394 | D:11     | Noticed a two-headed ogre
 11403 | D:11     | Killed a two-headed ogre
 11492 | D:11     | Identified the +1 ring mail of Death Resistance {-Cast Harm
                  | rN+}
 11592 | D:11     | Identified the +5 arbalest "Capnir" {heavy, rF+ Dex+4}
 11665 | D:11     | You fall into a shaft and drop 2 floors!
 11678 | D:13     | Noticed a centaur warrior
 11690 | D:13     | Killed a centaur warrior
 11739 | D:13     | Noticed a centaur warrior
 11749 | D:13     | Killed a centaur warrior
 11891 | D:12     | Noticed a wolf spider
 11911 | D:12     | Killed a wolf spider
 11912 | D:12     | Reached skill level 16 in Axes
 12029 | D:12     | Noticed a skeletal warrior
 12030 | D:12     | Noticed a skeletal warrior
 12046 | D:12     | Killed a skeletal warrior
 12049 | D:12     | Noticed a skeletal warrior
 12061 | D:12     | Killed a skeletal warrior
 12062 | D:12     | Reached skill level 10 in Fighting
 12077 | D:12     | Killed a skeletal warrior
 12078 | D:12     | Reached XP level 12. HP: 20/106 MP: 11/11
 12212 | D:12     | Found Luitell's Antique Armour Shoppe.
 12222 | D:12     | Noticed a two-headed ogre
 12236 | D:12     | Killed a two-headed ogre
 12300 | D:12     | Reached **** piety under Dithmenos
 12317 | D:11     | Found a staircase to the Orcish Mines.
 12736 | D:12     | Found Mucisa's Antique Weapon Shop.
 12742 | D:12     | Bought a glowing war axe for 182 gold pieces
 12846 | D:12     | Noticed a deep troll earth mage
 12847 | D:12     | Found a runed translucent gate.
 12847 | D:12     | Found a runed translucent gate.
 12849 | D:12     | Found a runed translucent gate.
 12855 | D:12     | Noticed Kiciri's ghost (journeyman GrHu)
 12855 | D:12     | Noticed a catoblepas
 12926 | D:13     | Killed from afar by a vampire

Illustrated notes

Levels and vault maps discovered:
D:1:      minmay_arrival_cross, layout_basic, supply_closet_lemuel
D:2:      layout_basic, uniq_sigmund
D:3:      minmay_skewed_foursquare, layout_basic,
          grunt_temple_overflow_cloverleaf, uniq_jessica
D:4:      layout_basic, mainiacjoe_overflow_24_doors, enter_ossuary_4,
          serial_shops, shop
D:5:      wad_crossroads, layout_basic, nicolae_wooded_promenade
D:6:      layout_basic, minmay_temple_entry_fiery
D:7:      layout_basic, nicolae_gozag_cash_rules_everything_around_me
D:8:      layout_loops_ring, marbit_many_paths, mainiacjoe_overflow_big_doors
D:9:      kennysheep_blocky_hall, layout_grid_maze, lair_entry_dummy
D:10:     layout_roguey, kennysheep_big_empty_room, minivault_26,
          kennysheep_generic_room_16
D:11:     layout_basic, orc_0_dummy, uniq_erolcha
D:12:     layout_basic, portal_ice_cave_demonic_guard, gammafunk_ghost_split,
          serial_shops, nicolae_shop_tiny_real_fake_doors, shop, shop,
          kennysheep_mini, grunt_qazlal_sundering
D:13:     layout_layer_cave, kennysheep_cluttered_room,
          minmay_guarded_unrand_finisher
Temple:   nicolae_temple_god_jail

Skill      XL: |  1  2  3  4  5  6  7  8  9 10 11 |
---------------+----------------------------------+-----
Axes           | 4 6 7 8 10 12 13 14 16 | 16.4
Fighting       | 4 5 6 7 8 10 | 10.4
Armour         | 1 4 8 10 13 | 13.9
Dodging        | 4 5 6 |  6.2
Invocations    | |  0.3

Action                     |  1- 3 |  4- 6 |  7- 9 | 10-12 || total
---------------------------+-------+-------+-------+-------++-------
  Melee: Hand axe          |    15 |       |       |       ||    15
         Headbutt          |     6 |    20 |    66 |    88 ||   180
         War axe           |    37 |   140 |   318 |   353 ||   848
         Punch             |       |       |     3 |     7 ||    10
 Invoke: Shadow Step       |       |       |     2 |     2 ||     4
    Use: Potion            |       |       |     6 |     5 ||    11
 Armour: Robe              |     8 |     2 |       |       ||    10
         Chain mail        |       |    63 |   180 |   189 ||   432
         Skin              |       |       |    20 |       ||    20
         Plate armour      |       |       |       |    13 ||    13
  Dodge: Dodged            |    26 |    42 |   176 |   214 ||   458

Table legend: (Time is in decaauts)
 A = Elapsed time spent in this place.
 B = Non-inter-level travel time spent in this place.
 C = Inter-level travel time spent in this place.
 D = Time resting spent in this place.
 E = Time spent auto-exploring this place.
 F = Levels seen in this place.
 G = Mean time per level.
                   A        B        C        D        E       F      G
               +--------+--------+--------+--------+--------+-----+--------+
         Total |  12845 |  12662 |    183 |    933 |   8848 |  15 |  856.3 |
       Dungeon |  12436 |  12253 |    183 |    933 |   8760 |  13 |  956.6 |
        Temple |     33 |     33 |      0 |      0 |      0 |   1 |   33.0 |
       Ossuary |    375 |    375 |      0 |      0 |     88 |   1 |  375.0 |
               +--------+--------+--------+--------+--------+-----+--------+

Top non-repeatable levels by time:
     D:9: 1515 daAuts
    D:10: 1248 daAuts
     D:5: 1236 daAuts
     D:7: 1235 daAuts
     D:2: 1142 daAuts
     D:8: 1086 daAuts
     D:6: 964 daAuts
     D:4: 836 daAuts
    D:12: 792 daAuts
     D:3: 763 daAuts
    D:11: 763 daAuts
     D:1: 745 daAuts
 Ossuary: 375 daAuts
    D:13: 105 daAuts
  Temple: 33 daAuts
